 Dungeon Crawl Stone Soup version 0.28.0-43-g3370ac3207 (webtiles) character file.

Game seed: 17344781929372303585

133 tizbic2 the Grasshopper (level 5, -7/53 HPs)
             Began as an Ogre Warper on Mar 12, 2022.
             Was an Initiate of the Shining One.
             Mangled by an orc
             ... wielding a +0 hand axe of venom
              (8 damage)
             ... on level 3 of the Dungeon.
             The game lasted 00:14:19 (3296 turns).

tizbic2 the Grasshopper (Ogre Warper)               Turns: 3296, Time: 00:14:20

Health: -7/53      AC:  3    Str: 14 (15) XL:     5   Next: 16%
Magic:  9/9        EV:  9    Int: 15 (16) God:    the Shining One [......]
Gold:   126        SH:  0    Dex:  7 (8)  Spells: 5/9 levels left

rFire   . . .      SeeInvis +   a - +0 mace (vorpal)
rCold   . . .      Faith    .   (no shield)
rNeg    . . .      Spirit   .   b - +0 robe
rPois   .          Reflect  .   (helmet restricted)
rElec   .          Harm     +   q - scarf {harm}
rCorr   .          Rampage  .   (gloves unavailable)
Will    .....                   (boots unavailable)
Stlth   +.........              (no amulet)
HPRegen 0.17/turn               i - ring of see invisible
MPRegen 0.11/turn               (no ring)

@: lethally poisoned (-7 -> -23), attractive, glowing
A: large, unfitting armour, tough skin 1
a: Renounce Religion


You were on level 3 of the Dungeon.
You worshipped the Shining One.
The Shining One was noncommittal.
You visited 1 branch of the dungeon, and saw 3 of its levels.

You collected 126 gold pieces.

Inventory:

Hand Weapons
 a - a +0 vorpal mace (weapon)
Missiles
 d - a boomerang of dispersal
 f - 44 stones (quivered)
 g - 3 poisoned darts
Armour
 b - a +0 robe (worn)
 q - a scarf of harm (worn)
Jewellery
 i - a ring of see invisible (left hand)
Wands
 p - a wand of iceblast (2)
Scrolls
 c - 2 scrolls of blinking
 h - 3 scrolls of teleportation
 m - a scroll of identify {unknown}
 r - a scroll of vulnerability {unknown}
 t - a scroll of fear {unknown}
 u - a scroll of holy word {unknown}
Potions
 j - a potion of magic {unknown}
 l - a potion of might {unknown}
 n - a potion of resistance {unknown}
 o - 2 potions of lignification {unknown}
 s - a potion of brilliance {unknown}


   Skills:
 + Level 3.4 Fighting
 + Level 2.3 Maces & Flails
 * Level 2.6 Throwing
 + Level 2.4 Dodging
 + Level 2.9 Spellcasting
 * Level 3.5 Translocations


You had 5 spell levels left.
You knew the following spells:

 Your Spells              Type           Power      Damage    Failure   Level
a - Blink                 Tloc           24%        N/A       7%          2
b - Ensorcelled Hibernat  Hex/Ice        4%         N/A       30%         2

Your spell library contained the following spells:

 Spells                   Type           Power      Damage    Failure   Level
 Gell's Gravitas          Tloc           12%        N/A       14%         3
 Lesser Beckoning         Tloc           12%        N/A       14%         3
 Teleport Other           Tloc           12%        N/A       14%         3
 Dazzling Flash           Conj/Hex       4%         N/A       52%         3
 Spider Form              Tmut/Pois      2%         N/A       52%         3
 Manifold Assault         Tloc           12%        N/A       78%         5
 Anguish                  Hex/Necr       1%         N/A       90%         4
 Agony                    Necr           2%         N/A       99%         5
 Silence                  Hex/Air        1%         N/A       99%         5


Dungeon Overview and Level Annotations

Branches:
Dungeon (3/15)

Altars:
Qazlal
Xom
The Shining One


Innate Abilities, Weirdness & Mutations

You are too large for most types of armour.
You have tough skin. (AC +1)


Message History

The orc is heavily wounded.
The orc hits you but does no damage. x2
You hit the orc.
You kill the orc!
You hit the orc.
The orc is heavily wounded.
The orc hits you with a +0 hand axe of venom.
You hit the orc but do no damage.
The orc is heavily wounded.
The orc closely misses you.
You hit the orc.
The orc is severely wounded.
The orc hits you with a +0 hand axe of venom. x2
You are poisoned.
You barely miss the orc.
The orc is severely wounded.
You feel very sick. The orc misses you.
You closely miss the orc.
The orc is severely wounded.
You feel sick. The orc barely misses you.
It was a potion of degeneration.
There was something very wrong with that liquid.
You feel weakened.
You feel dopey.
You feel clumsy.
You feel sick. The orc hits you but does no damage.
You are lethally poisoned!
You closely miss the orc.
The orc is heavily wounded.
* * * LOW HITPOINT WARNING * * *
You feel very sick.
The orc hits you with a +0 hand axe of venom.
* * * LOW HITPOINT WARNING * * *
You are more poisoned.
The orc misses you.
It was a potion of attraction.
You feel attractive to monsters.
* * * LOW HITPOINT WARNING * * *
You feel very sick.
The orc hits you with a +0 hand axe of venom!
You die...

######### ###########
#.......# ### #.........#
#.#####.# ... #.#######.#
#@# #.##.# # #.# #.# #o#
###....# .# #.#
#####.#####..
#....#####.# #.#
#........##...###....#...
#.# #.###.####.....
####.#.# #.# #.# ###
..♣.(. #...# #.###.####
.(..... ##.## #........#
..###...< #.# #####.####
###.### #.##


You could see an orc.

Vanquished Creatures
  An orc wizard (D:3)
  2 adders
  2 worms
  4 dart slugs
  4 orcs (D:3)
  7 bats
  5 endoplasms
  A giant cockroach (D:1)
  4 goblins
  6 hobgoblins
  5 jackals (D:3)
  2 quokkas
  A ball python (D:1)
  3 frilled lizards
  A jackal skeleton (D:2)
  6 kobolds
  24 rats
78 creatures vanquished.

Vanquished Creatures (others)
  A fungus (D:3)
1 creature vanquished.

Grand Total: 79 creatures vanquished

Notes
Turn   | Place    | Note
-------+----------+-------------------------------------------
     0 | D:1      | tizbic2 the Ogre Warper began the quest for the Orb.
     0 | D:1      | Reached XP level 1. HP: 22/22 MP: 3/3
   308 | D:1      | Reached XP level 2. HP: 29/29 MP: 3/5
   314 | D:1      | Learned a level 2 spell: Blink
   633 | D:1      | Reached XP level 3. HP: 34/37 MP: 6/6
  1229 | D:2      | Found a faded altar of an unknown god.
  1691 | D:2      | Learned a level 2 spell: Ensorcelled Hibernation
  1858 | D:2      | Reached XP level 4. HP: 45/45 MP: 8/8
  2045 | D:3      | Found a shimmering altar of Xom.
  2362 | D:3      | Found a stormy altar of Qazlal.
  3001 | D:3      | Found a glowing golden altar of the Shining One.
  3014 | D:3      | Became a worshipper of the Shining One
  3273 | D:3      | Reached XP level 5. HP: 43/53 MP: 9/9
  3296 | D:3      | HP: 1/53 [poisoned by an orc]
  3296 | D:3      | Mangled by an orc

Illustrated notes

Levels and vault maps discovered:
D:1:      sevenhm_arrival_forest_fort_large_4, layout_rooms,
          grunt_decor_arrowhead, hangedman_decor_peaks_small
D:2:      minmay_angry_zag, layout_basic,
          shapermc_ecumenical_altar_totnotflames, eino_tiny_chamber,
          nicolae_figureground_sparkle
D:3:      layout_loops_corners, mainiacjoe_overflow_catch_the_wave,
          mainiacjoe_overflow_chevrons, grunt_ministairs_12, minmay_rat_hole

Skill      XL: |  1  2  3 |
---------------+----------+-----
Translocations | 3 |  3.5
Fighting       | 3 |  3.4
Maces & Flails | 2 |  2.3
Throwing       | 2 |  2.6
Dodging        | |  2.4
Spellcasting   | |  2.9

Action                   |  1- 3 |  4- 6 || total
-------------------------+-------+-------++-------
Melee: Mace              |   115 |   106 ||   221
       Punch             |     1 |       ||     1
Throw: Stone             |    30 |    36 ||    66
       Boomerang         |       |     4 ||     4
       Dart              |       |     3 ||     3
 Cast: Blink             |     1 |       ||     1
       Ensorcelled Hiber |       |     2 ||     2
  Use: Scroll            |     2 |       ||     2
       Potion            |       |     2 ||     2
 Stab: Sleeping          |     1 |     1 ||     2
Armor: Robe              |    32 |    36 ||    68
Dodge: Dodged            |    60 |    64 ||   124
